 Dungeon Crawl Stone Soup version 0.29.0-4-gdea44cf6ec (webtiles) character file.

Game seed: 1633959475607300266

27682 Ofeo the Fighter (level 13, -6/133 HPs)
             Began as a Troll Delver on Aug 28, 2022.
             Was the Champion of Wu Jian.
             Mangled by an 11-headed hydra (13 damage)
             ... on level 2 of the Lair of Beasts.
             The game lasted 00:41:02 (16851 turns).

Ofeo the Fighter (Troll Delver)                    Turns: 16851, Time: 00:41:02

Health: -6/133     AC:  9    Str: 25    XL:     13   Next: 5%
Magic:  12/12      EV: 13    Int:  6    God:    Wu Jian [******]
Gold:   554        SH:  0    Dex: 13    Spells: 12/12 levels left

rFire   . . .      SeeInvis +   b - +4 scimitar (flame)
rCold   . . .      Faith    +   (no shield)
rNeg    . . .      Spirit   .   I - +0 acid dragon scales
rPois   .          Reflect  .   (helmet restricted)
rElec   .          Harm     .   Q - +0 cloak
rCorr   +          Rampage  .   (gloves unavailable)
Will    +....                   (boots unavailable)
Stlth   +++.......              l - amulet of faith
HPRegen 1.12/turn               v - ring of willpower
MPRegen 0.13/turn               z - ring of see invisible

@: lethally poisoned (-6 -> -6)
A: large, unfitting armour, claws 3, regeneration 1, shaggy fur 1, tough skin 1
a: Renounce Religion, Wall Jump, Serpent's Lash, Heavenly Storm


You were on level 2 of the Lair of Beasts.
You worshipped Wu Jian.
Wu Jian was exalted by your worship.
You visited 3 branches of the dungeon, and saw 15 of its levels.

You collected 638 gold pieces.
You spent 84 gold pieces at shops.

Inventory:

Hand Weapons
 a - the +8 autumn katana {vorpal, manifold assault}
   (You found it on level 5 of the Dungeon)

   It sometimes launches melee attacks against multiple visible enemies.
 b - a +4 scimitar of flaming (weapon)
 E - a +4 long sword of electrocution
Missiles
 m - 6 javelins
 n - 6 silver javelins
 A - a throwing net
 D - 43 poisoned darts
 K - 7 large rocks
 L - 80 stones (quivered)
 M - 13 boomerangs
Armour
 p - a +0 robe
 I - +0 acid dragon scales (worn)
 Q - a +0 cloak (worn)
Jewellery
 l - an amulet of faith (around neck)
 r - a ring of flight
 v - a ring of willpower (left claw)
 z - a ring of see invisible (right claw)
 G - a ring of positive energy
 H - a +6 ring of intelligence
 S - an amulet of reflection
Wands
 f - a wand of digging (3) {@v1}
 w - a wand of flame (35)
 F - a wand of roots (13)
 J - a wand of quicksilver (10)
Scrolls
 c - 4 scrolls of magic mapping
 d - 4 scrolls of fear
 i - 8 scrolls of identify {@r1}
 o - 2 scrolls of blinking {@r4}
 s - 5 scrolls of immolation
 x - a scroll of butterflies
 y - 2 scrolls of amnesia
 C - 5 scrolls of teleportation {@r3}
 N - a scroll of fog
 O - 2 scrolls of enchant weapon
 R - 2 scrolls of enchant armour {unknown}
Potions
 e - 3 potions of degeneration
 g - 7 potions of attraction
 h - 2 potions of heal wounds {@q2}
 j - 5 potions of flight {unknown}
 k - a potion of cancellation
 q - 6 potions of curing {@q1}
 t - a potion of invisibility
 u - a potion of resistance {@q6}
 B - a potion of might {@q4}
 P - 3 potions of mutation {unknown}


   Skills:
 + Level 9.9 Fighting
 + Level 9.4 Long Blades
 + Level 9.7 Dodging
 + Level 7.9 Stealth
 - Level 2.2 Unarmed Combat


You had 12 spell levels left.
You didn't know any spells.
Your spell library contained the following spells:

 Spells                   Type           Power      Damage    Failure   Level
 Magic Dart               Conj           0%         1d3       52%         1
 Blink                    Tloc           0%         N/A       67%         2
 Call Imp                 Summ           0%         N/A       67%         2
 Mephitic Cloud           Conj/Pois/Air  0%         N/A       88%         3
 Portal Projectile        Hex/Tloc       0%         N/A       88%         3
 Tukima's Dance           Hex            0%         N/A       88%         3
 Fulminant Prism          Conj/Hex       0%         3d6       99%         4
 Iskenderun's Mystic Bla  Conj/Tloc      0%         2d3       99%         4
 Blade Hands              Tmut           0%         N/A       100%        5
 Lee's Rapid Deconstruct  Erth           0%         3d5*      100%        5
 Manifold Assault         Tloc           0%         N/A       100%        5
 Storm Form               Tmut/Air       0%         N/A       100%        7


Dungeon Overview and Level Annotations

Branches:
Dungeon (12/15)            Temple (1/1) D:4            Lair (2/5) D:8
    Orc (0/2) D:10
  Swamp: Lair:2-3    Shoals: Lair:2-3     Snake: Lair:2-3    Spider: Lair:2-3

Altars:
Ashenzari
Cheibriados
Dithmenos
Elyvilon
Fedhas
Gozag
Hepliaklqana
Kikubaaqudgha
Makhleb
Nemelex Xobeh
Okawaru
Qazlal
Ru
Sif Muna
Trog
Uskayaw
Vehumet
Wu Jian
Xom
Yredelemnul
Zin
The Shining One

Shops:
D:7 ([?(!   D:9 *

Annotations:
D:11 exclusion: 2 doors


Innate Abilities, Weirdness & Mutations

You are too large for most types of armour.
You have claws for hands.
Your natural rate of healing is unusually fast.
You are covered in fur. (AC +1)
You have tough skin. (AC +1)


Message History

You hit the polar bear.
The polar bear is severely wounded.
You slash the polar bear!
You kill the polar bear!
The Council accepts your kill.
You feel very sick.
Your +4 scimitar of flaming bursts into flame!
b - a +4 scimitar of flaming (weapon)
You feel sick.
You feel very sick.
You lunge at the 11-headed hydra.
You barely miss the 11-headed hydra.
The 11-headed hydra is moderately wounded.
You feel sick. The 11-headed hydra bites you! x2
The 11-headed hydra bites you.
The 11-headed hydra bites you but does no damage.
The 11-headed hydra closely misses you.
The 11-headed hydra bites you but does no damage.
The 11-headed hydra bites you.
The 11-headed hydra closely misses you. x2
The 11-headed hydra bites you!
The 11-headed hydra completely misses you.
Things that are here:
a scroll of poison; a polar bear corpse You hit the 11-headed hydra.
You burn the 11-headed hydra.
The 11-headed hydra is moderately wounded.
You feel sick.
The 11-headed hydra bites you but does no damage.
The 11-headed hydra bites you.
* * * LOW HITPOINT WARNING * * *
The 11-headed hydra closely misses you. The 11-headed hydra bites you.
* * * LOW HITPOINT WARNING * * *
The 11-headed hydra bites you.
* * * LOW HITPOINT WARNING * * *
The 11-headed hydra bites you!
* * * LOW HITPOINT WARNING * * *
The 11-headed hydra closely misses you. The 11-headed hydra bites you!
* * * LOW HITPOINT WARNING * * *
The 11-headed hydra closely misses you.
The 11-headed hydra bites you but does no damage.
The 11-headed hydra bites you!
You die...

##...........
####.............. .....
# #.............. .....
####.............##.....
.##..............#......
..#.....................
........................
........................
................@D......
...............†........
...#....................
..P#............$.......
.............#..........
..........>..#..........
.............#..........
......#.......P.........
.....##.................


You could see a 11-headed hydra.

Vanquished Creatures
  2 hydras
  2 boulder beetles (D:11)
  7 two-headed ogres
  Pikel (D:5)
  A cyclops (D:11)
  Maurice (D:10)
  2 gargoyles
  An unseen horror (D:11)
  4 cane toads
  An efreet (D:10)
  3 komodo dragons
  A rime drake (Lair:1)
  A tengu conjurer (D:10)
  A troll (D:10)
  A hornet (D:8)
  A polar bear (Lair:2)
  6 slime creatures
  5 wraiths
  3 wyverns
  A shadow (D:10)
  A vampire (D:10)
  31 yaks
  3 basilisks
  A steam dragon (D:7)
  15 vampire mosquitoes
  2 acid dragons
  4 water moccasins
  6 orc warriors
  An ice beast (D:7)
  A black bear (D:6)
  3 ogres
  6 wolves
  5 centaurs
  2 phantoms
  4 kobold brigands
  3 lemures (D:5)
  7 bullfrogs
  4 necrophages
  3 scorpions
  9 wights (D:9)
  2 killer bees (D:10)
  2 howler monkeys
  3 electric eels (Lair:1)
  2 vampire bats (D:5)
  5 hounds
  A jelly (D:4)
  5 orc priests
  3 iron imps (D:5)
  2 iguanas
  11 orc wizards
  9 adders
  3 gnolls (D:6)
  4 shadow imps
  An ufetubus (D:5)
  A worm (D:3)
  4 dart slugs
  46 orcs
  3 bat skeletons (D:5)
  2 bat zombies (D:5)
  5 endoplasms
  4 giant cockroaches
  13 goblins
  6 hobgoblins
  2 jackals (D:1)
  21 kobolds
  4 quokkas
  7 ball pythons
  3 bats
  2 frilled lizards
  5 rats
337 creatures vanquished.

Vanquished Creatures (collateral kills)
  A boulder beetle (D:11)
1 creature vanquished.

Vanquished Creatures (others)
  32 fungi
  19 plants
51 creatures vanquished.

Grand Total: 389 creatures vanquished

Notes
Turn   | Place    | Note
-------+----------+-------------------------------------------
     0 | D:5      | Ofeo the Troll Delver began the quest for the Orb.
     0 | D:5      | Reached XP level 1. HP: 22/22 MP: 0/0
     9 | D:5      | Found a glowing silver altar of Zin.
    46 | D:5      | Noticed a hound
    47 | D:5      | Found an opulent altar of Gozag.
    62 | D:5      | Reached XP level 2. HP: 27/29 MP: 1/1
   201 | D:5      | Found a burning altar of Makhleb.
   201 | D:5      | Found the +8 autumn katana {vorpal, manifold assault}
   270 | D:5      | Reached XP level 3. HP: 34/36 MP: 2/2
   356 | D:4      | Found a staircase to the Ecumenical Temple.
   362 | Temple   | Entered the Ecumenical Temple
   377 | Temple   | Became a worshipper of the Wu Jian Council
   427 | D:4      | Noticed a necrophage
   593 | D:4      | Reached XP level 4. HP: 45/45 MP: 3/3
   858 | D:3      | Reached skill level 1 in Long Blades
  1065 | D:3      | Found a basalt altar of Yredelemnul.
  1116 | D:3      | Reached XP level 5. HP: 53/53 MP: 4/4
  1809 | D:2      | Reached * piety under Wu Jian
  2405 | D:1      | Found a faded altar of an unknown god.
  2835 | D:1      | Reached ** piety under Wu Jian
  3105 | D:4      | Reached XP level 6. HP: 58/61 MP: 5/5
  4101 | D:5      | Reached XP level 7. HP: 58/68 MP: 6/6
  4299 | D:5      | Found an ancient bone altar of Kikubaaqudgha.
  4479 | D:5      | Noticed Pikel
  4552 | D:5      | Killed Pikel
  4553 | D:5      | Reached XP level 8. HP: 53/79 MP: 7/7
  4663 | D:5      | Reached skill level 5 in Fighting
  4833 | D:6      | Found a snail-covered altar of Cheibriados.
  4871 | D:6      | Reached *** piety under Wu Jian
  5046 | D:6      | Found a hide-covered altar of Uskayaw.
  5193 | D:6      | Reached skill level 5 in Dodging
  5260 | D:6      | Reached XP level 9. HP: 82/88 MP: 8/8
  6234 | D:6      | Found a sacrificial altar of Ru.
  6234 | D:6      | Found a sparkling altar of Nemelex Xobeh.
  6234 | D:6      | Found an iron altar of Okawaru.
  6234 | D:6      | Found a white marble altar of Elyvilon.
  6243 | D:6      | Found a blossoming altar of Fedhas.
  6243 | D:6      | Found a shimmering blue altar of Sif Muna.
  6395 | D:7      | Found Xekh's Distillery.
  6401 | D:7      | Found Feocylui's Weapon Boutique.
  6404 | D:7      | Bought 2 potions of curing for 84 gold pieces
  6555 | D:7      | Found Zaiherch's Antique Armour Emporium.
  6596 | D:7      | Reached **** piety under Wu Jian
  6731 | D:7      | Reached skill level 5 in Long Blades
  6731 | D:7      | Reached skill level 5 in Stealth
  6777 | D:7      | Found a stormy altar of Qazlal.
  6863 | D:7      | Found Wan Erph's Magic Scroll Boutique.
  7266 | D:7      | Found Ateamara's Weapon Boutique.
  7700 | D:8      | Paralysed by a hornet for 1 turns
  7706 | D:8      | Paralysed by a hornet for 2 turns
  8289 | D:8      | Found a staircase to the Lair.
  8290 | D:8      | Noticed a komodo dragon
  8346 | D:8      | Killed a komodo dragon
  8745 | D:9      | Reached XP level 10. HP: 98/100 MP: 9/9
  9383 | D:9      | Found Duxop's General Store.
  9780 | D:9      | Found a bloodstained altar of Trog.
  9979 | D:9      | Found a glowing golden altar of the Shining One.
 10113 | D:9      | Reached ***** piety under Wu Jian
 10255 | D:10     | Entered Level 10 of the Dungeon
 10328 | D:10     | Found a staircase to the Orcish Mines.
 10357 | D:10     | Noticed a two-headed ogre
 10366 | D:10     | Killed a two-headed ogre
 10703 | D:10     | Reached XP level 11. HP: 98/109 MP: 10/10
 11268 | D:10     | HP: 3/111 [gargoyle/stone arrow (27)]
 11634 | D:10     | Noticed a six-headed hydra
 11770 | D:10     | Noticed a two-headed ogre
 11923 | D:10     | Killed a two-headed ogre
 11975 | D:10     | Noticed a two-headed ogre
 11984 | D:10     | Killed a two-headed ogre
 12191 | D:10     | Noticed Maurice
 12212 | D:10     | Killed Maurice
 12872 | D:10     | Killed a one-headed hydra
 13183 | D:11     | Noticed a boulder beetle
 13183 | D:11     | Noticed a two-headed ogre
 13273 | D:11     | Killed a two-headed ogre
 13307 | D:11     | Noticed a two-headed ogre
 13595 | D:11     | Killed a boulder beetle
 13637 | D:11     | Killed a two-headed ogre
 13638 | D:11     | Reached XP level 12. HP: 104/122 MP: 11/11
 13665 | D:11     | Noticed a boulder beetle
 13718 | D:11     | Noticed a boulder beetle
 13761 | D:11     | Killed a boulder beetle
 14199 | D:11     | Killed a boulder beetle
 14864 | D:12     | Noticed a two-headed ogre
 14882 | D:12     | Killed a two-headed ogre
 14939 | D:12     | Noticed a two-headed ogre
 14955 | D:12     | Killed a two-headed ogre
 15085 | D:12     | Identified the +1 chain mail of Mauruto {rPois rF- Int+5}
 15560 | Lair:1   | Entered Level 1 of the Lair of Beasts
 15761 | Lair:1   | Noticed a five-headed hydra
 15773 | Lair:1   | Killed a one-headed hydra
 15875 | Lair:1   | Identified the +1 falchion of a Gauntlet {flame, rF+ SInv}
 16228 | Lair:1   | Found a hazy altar of Hepliaklqana.
 16555 | Lair:2   | Reached ****** piety under Wu Jian
 16565 | Lair:2   | Reached XP level 13. HP: 99/133 MP: 12/12
 16851 | Lair:2   | Mangled by an 11-headed hydra

Illustrated notes

Levels and vault maps discovered:
D:1:      spicycebolla_arrival_ecumenical, layout_rooms, kennysheep_boxes
D:2:      layout_basic, minmay_misc_feat_tower
D:3:      layout_loops_ring, yredelemnul_altar_generic, minmay_misc_feat_roman,
          chequers_serial_rivers_large_b, reono_crystal_passage
D:4:      layout_cave_pods, minmay_temple_entry_nine_rooms,
          kennysheep_generic_room_15
D:5:      layout_basic, lemuel_tele_altar, demons_altar,
          mainiacjoe_overflow_paths, kennysheep_vampire_church, serial_aquarium,
          aquarium_bridge_island_small [aquarium_subvault_small_water,
          aquarium_subvault_wall, aquarium_subvault_bridge,
          aquarium_subvault_bridge, aquarium_subvault_bridge],
          aquarium_bridge_long_separate [aquarium_subvault_bridge,
          aquarium_subvault_bridge, aquarium_subvault_bridge,
          aquarium_subvault_bridge, aquarium_subvault_wall,
          aquarium_subvault_wall], aquarium_window_1, aquarium_window_1,
          aquarium_window_corridor_3, aquarium_window_1, aquarium_view_2d,
          aquarium_balcony_3b, aquarium_pool_S, uniq_pikel
D:6:      layout_basic, lemuel_crystal_altar,
          nicolae_uskayaw_murder_on_the_dancefloor, minmay_overflow_temple_hex,
          st_stairs_2
D:7:      minmay_general_purpose_star, layout_cave_pools,
          mainiacjoe_overflow_brackets, serial_shops, kennysheep_little_box,
          nicolae_stop_n_shop_1, nicolae_take_the_stairs,
          nicolae_shop_waterfront, nicolae_square_shop
D:8:      layout_basic, david_lair_shrubbed
D:9:      layout_basic, mainiacjoe_overflow_surrounded_room,
          mainiacjoe_overflow_alcove_4, serial_shops, nicolae_shop_statue_plus
D:10:     wad_guarded_room, layout_basic, minmay_orc_entry_temple_small,
          uniq_maurice
D:11:     layout_long_grid, kennysheep_generic_room_7
D:12:     layout_basic
Temple:   hellmonk_temple_rainy
Lair:1:   layout_roguey, serial_bayou, serial_bayou_lagoon_b,
          serial_bayou_pond_b, serial_bayou_shore_b, serial_bayou_shore_b,
          serial_bayou_pond_e, serial_bayou_ford_a, basic_altar,
          serial_bayou_crossing
Lair:2:   layout_cave_shapes

Skill      XL: |  1  2  3  4  5  6  7  8  9 10 11 12 |
---------------+-------------------------------------+-----
Dodging        | 2 3 4 5 6 7 8 9 |  9.7
Stealth        | 3 4 5 6 7 |  7.9
Fighting       | 3 4 5 6 7 8 9 |  9.9
Long Blades    | 1 2 3 4 5 6 8 9 |  9.4
Unarmed Combat | |  2.2

Action                   |  1- 3 |  4- 6 |  7- 9 | 10-12 | 13-15 || total
-------------------------+-------+-------+-------+-------+-------++-------
Melee: Unarmed           |     9 |       |       |       |       ||     9
       Katana            |    19 |   154 |   276 |   758 |    36 ||  1243
       Punch             |       |       |     1 |    16 |     1 ||    18
       Scimitar          |       |       |       |    12 |     2 ||    14
Throw: Dart              |       |       |     8 |       |       ||     8
       Javelin           |       |       |     3 |     4 |       ||     7
       Stone             |       |       |       |     2 |       ||     2
Invok: Lunge             |     5 |    25 |    29 |    63 |     4 ||   126
       Whirlwind         |       |       |    26 |   159 |    13 ||   198
       Serpent's Lash    |       |       |     1 |     7 |       ||     8
Evoke: Wand              |       |       |     3 |     4 |       ||     7
  Use: Scroll            |       |     5 |     7 |     6 |       ||    18
       Potion            |       |       |     4 |     2 |       ||     6
 Stab: Sleeping          |     2 |    11 |    13 |    11 |     1 ||    38
       Distracted        |       |     1 |     2 |     2 |       ||     5
Armor: Robe              |     5 |    32 |    51 |    17 |       ||   105
       Acid dragon scale |       |       |       |    61 |     6 ||    67
Dodge: Dodged            |     6 |    47 |   119 |   243 |    18 ||   433
